 Dungeon Crawl Stone Soup version 0.26.1-11-gd32895ea62 (webtiles) character file.

Game seed: 15741926064797655797

71702 hawla the Destroyer (level 14, 0/79 HPs)
             Began as a Deep Elf Conjurer on June 17, 2021.
             Was a High Priest of Vehumet.
             Killed from afar by Jorgrun (60 damage)
             ... with an iron shot
             ... on level 15 of the Dungeon.
             The game lasted 01:03:01 (20977 turns).

hawla the Destroyer (Deep Elf Conjurer)            Turns: 20977, Time: 01:03:01

Health: 0/79       AC: 12    Str:  4    XL:     14   Next: 98%
Magic:  44/50      EV: 17    Int: 34    God:    Vehumet [*****.]
Gold:   1111       SH:  5    Dex: 13    Spells: 26/36 levels left

rFire    . . .     SeeInvis .   p - staff of cold
rCold    + + +     Faith    .   g - +0 buckler
rNeg     . . .     Spirit   .   u - +2 robe {rC+}
rPois    .         Reflect  .   w - +3 hat of Pondering {ponderous, Will+ MP+10 Int+5}
rElec    .         Harm     .   C - +2 cloak {Will+}
rCorr    .         Rampage  .   F - +1 pair of gloves of Akkaar {rC+ Will+ Slay+2 Stlth-}
Will     ++++.                  (no boots)
Stlth    ++........             s - amulet of magic regeneration
HPRegen  0.23/turn              l - ring of magical power
MPRegen  0.57/turn              b - ring of wizardry

@: frozen ramparts, slow
A: no striking features
a: Renounce Religion


You were on level 15 of the Dungeon.
You worshipped Vehumet.
Vehumet was extremely pleased with you.
You visited 2 branches of the dungeon, and saw 16 of its levels.
You also visited: Sewer and Bailey.

You collected 1121 gold pieces.
You spent 10 gold pieces at shops.

Inventory:

Missiles
 o - 34 poisoned darts
 x - 4 javelins
 y - 48 boomerangs
 D - 4 silver javelins
 E - 4 curare-tipped darts (quivered)
 L - 4 datura-tipped darts
Armour
 g - a +0 buckler (worn)
 u - a +2 robe of cold resistance (worn)
 w - the +3 hat of Pondering (worn) {ponderous, Will+ MP+10 Int+5}
   (You took it off Gastronok on level 8 of the Dungeon)

   It affects your intelligence (+5).
   It affects your willpower, your defense against some magical effects.
   It affects your magic capacity (+10).
 C - a +2 cloak of willpower (worn)
 F - the +1 pair of gloves of Akkaar (worn) {rC+ Will+ Slay+2 Stlth-}
   (You acquired it on level 14 of the Dungeon)

   It affects your accuracy and damage with ranged weapons and melee attacks
   (+2).
   It protects you from cold.
   It affects your willpower, your defense against some magical effects.
   It makes you less stealthy.
Magical Staves
 p - an uncursed staff of cold (weapon)
 G - an uncursed staff of fire
 H - an uncursed staff of poison
Jewellery
 b - a ring of wizardry (right hand)
 l - a ring of magical power (left hand)
 s - an amulet of magic regeneration (around neck)
 K - an uncursed ring of stealth
 O - an uncursed ring of stealth
 Q - an uncursed amulet of reflection
Wands
 m - a wand of paralysis (10)
 n - a wand of random effects (26)
 v - a wand of iceblast (17)
 z - a wand of flame (30)
 A - a wand of disintegration (6)
 S - a wand of digging (4)
Scrolls
 a - 3 scrolls of identify
 i - 2 scrolls of blinking
 k - 2 scrolls of enchant weapon
 q - 12 scrolls of remove curse
 t - 2 scrolls of teleportation
 J - a scroll of fog
 R - a scroll of amnesia
Potions
 c - 4 potions of flight
 d - 7 potions of curing
 e - a potion of berserk rage
 f - 2 potions of haste
 h - 6 potions of attraction
 j - 2 potions of lignification
 r - a potion of magic
 B - 3 potions of might
 I - a potion of ambrosia
 M - 2 potions of brilliance
 N - a potion of cancellation {unknown}
 P - a potion of invisibility


   Skills:
 + Level 5.7 Fighting
 + Level 6.8 Staves
 - Level 2.0 Throwing
 - Level 9.0 Dodging
 - Level 6.0 Stealth
 - Level 5.0 Shields
 + Level 11.7 Spellcasting
 + Level 13.3 Conjurations
 - Level 10.0 Translocations
 - Level 10.0 Ice Magic
 - Level 7.0 Evocations


You had 26 spell levels left.
You knew the following spells:

 Your Spells              Type           Power        Failure   Level
a - Magic Dart            Conj           100%         0%          1
b - Searing Ray           Conj           100%         0%          2
c - Iskenderun's Mystic   Conj/Tloc      78%          1%          4
d - Frozen Ramparts       Ice            100%         1%          3

Your spell library contained the following spells:

 Spells                   Type           Power        Failure   Level
 Ozocubu's Refrigeration  Ice            46%          1%          6
 Dazzling Flash           Conj/Hex       100%         1%          3
 Fulminant Prism          Conj/Hex       30%          1%          4
 Summon Forest            Summ/Tloc      26%          3%          5
 Summon Demon             Summ           10%          24%         5
 Summon Mana Viper        Hex/Summ       20%          24%         5
 Shadow Creatures         Summ           N/A          77%         6
 Summon Hydra             Summ           10%          99%         7


Dungeon Overview and Level Annotations

Branches:
Dungeon (15/15)            Temple (1/1) D:5            Lair (0/6) D:11
    Orc (0/2) D:9          Vaults (0/5) D:14          Sewer (visited)
 Bailey (visited)
 Depths: D:15

Altars:
Ashenzari
Cheibriados
Dithmenos
Elyvilon
Fedhas
Gozag
Hepliaklqana
Kikubaaqudgha
Makhleb
Nemelex Xobeh
Okawaru
Qazlal
Ru
Sif Muna
Trog
Uskayaw
Vehumet
Wu Jian
Xom
Yredelemnul
Zin
The Shining One
Beogh

Shops:
D:7 !!=   D:8 (

Annotations:
D:3 , oklob, exclusion: oklob plant
D:11 1 runed translucent door, Sonja; bigdumb's ghost, journeyman DgTm
D:13 2 transporters, promet's ghost, journeyman VSFi
D:15 Jorgrun


Message History

Confirm with . or Enter, or press ? or * to list all spells.
You don't know that spell.
Drop what? 45/52 slots (_ for help) (? for menu, Esc to quit)
Okay, then.
Casting: Iskenderun's Mystic Blast (safe; 1% risk of failure)
Confirm with . or Enter, or press ? or * to list all spells.
Casting: Frozen Ramparts (safe; 1% risk of failure)
Press: ? - help, Dir - look around, f - activate You feel a surge of power!
The walls around you are covered in ice.
The wall freezes Jorgrun.
Casting: Frozen Ramparts (safe; 1% risk of failure)
Confirm with . or Enter, or press ? or * to list all spells.
You erupt in a blast of force!
The mystic blast hits Jorgrun!
Jorgrun is lightly wounded.
Jorgrun is knocked back by the mystic blast.
Jorgrun casts a spell at you. The iron shot hits you!!!
Ouch! That really hurt!
You die...

#.............#
#.............#
#.............#
#.............#
#######g......#
#.........
#.######## #.#
#@# #.# #.# ...
... ..... .....
.....#+


You could see Jorgrun.

Vanquished Creatures
  Gastronok (D:8)
  An orc warlord (Bailey)
  A boulder beetle (D:13)
  Harold (D:10)
  3 hydras
  2 vault guards (D:14)
  3 two-headed ogres
  The ghost of JuniperTheExplorer the Blocker, a novice FoFi (D:8)
  Urug (D:13)
  A fire crab (shapeshifter) (D:13)
  2 unseen horrors
  A wizard (D:14)
  Pikel (D:8)
  4 necromancers (D:14)
  2 manticores (D:13)
  3 ugly things
  A deep elf mage (D:14)
  2 cyclopes
  A gargoyle (D:10)
  Maurice (D:8)
  A komodo dragon (D:12)
  2 kobold demonologists
  A freezing wraith (D:14)
  3 trolls
  A meliai zombie (D:13)
  A hornet (D:12)
  6 slime creatures (D:14)
  22 yaks
  Grum (D:8)
  18 humans (D:14)
  A water moccasin (D:14)
  Duvessa (D:7)
  14 orc warriors
  2 ice beasts
  A sky beast (D:6)
  A necrophage (D:8)
  A centaur (D:9)
  An eye of draining (D:10)
  5 ogres
  3 wolves (D:8)
  A phantom (D:9)
  4 lemures
  9 big kobolds
  8 bullfrogs
  A wyvern zombie (D:13)
  Dowan (D:7)
  2 scorpions
  13 killer bees
  3 wights (D:10)
  7 howler monkeys
  2 electric eels
  2 bullfrog zombies
  4 centaur zombies
  A quasit (D:9)
  7 hounds
  3 jellies
  11 orc priests
  9 orc wizards
  A gnoll shaman (D:5)
  3 centaur skeletons
  2 iguanas
  9 worker ants
  A killer bee zombie (D:5)
  A worker ant zombie (D:11)
  17 gnolls
  16 adders
  4 river rats
  2 shadow imps (D:3)
  2 white imps
  An ufetubus (D:10)
  2 oozes
  3 adder skeletons
  An adder zombie (D:10)
  A dart slug (D:1)
  6 worms
  6 leopard geckos
  43 orcs
  A ball python (D:2)
  2 giant cockroaches
  14 goblins
  6 hobgoblins
  18 jackals
  25 kobolds
  3 quokkas
  11 bats
  3 frilled lizards
  A leopard gecko skeleton (D:4)
  A leopard gecko zombie (D:6)
  14 rats
427 creatures vanquished.

Vanquished Creatures (others)
  A bullfrog zombie (D:13)
  3 fungi (D:3)
  5 plants (D:3)
  15 toadstools (D:3)
24 creatures vanquished.

Grand Total: 451 creatures vanquished

Notes
Turn   | Place    | Note
-------+----------+-------------------------------------------
     0 | D:1      | hawla the Deep Elf Conjurer began the quest for the Orb.
     0 | D:1      | Reached XP level 1. HP: 10/10 MP: 6/6
   221 | D:1      | Reached XP level 2. HP: 16/16 MP: 4/8
   224 | D:1      | Learned a level 2 spell: Searing Ray
   537 | D:1      | Reached skill level 1 in Translocations
  1196 | D:2      | Reached skill level 1 in Fighting
  1196 | D:2      | Reached XP level 3. HP: 20/20 MP: 7/10
  1276 | D:2      | Found a shadowy altar of Dithmenos.
  2155 | D:2      | Reached XP level 4. HP: 25/25 MP: 6/12
  2160 | D:2      | Learned a level 4 spell: Iskenderun's Mystic Blast
  2212 | D:2      | Reached skill level 5 in Conjurations
  2951 | D:3      | Reached XP level 5. HP: 29/29 MP: 2/13
  2976 | D:3      | Found a glowing drain.
  3007 | Sewer    | Entered a sewer
  3206 | Sewer    | Reached skill level 6 in Conjurations
  3333 | Sewer    | Found a white marble altar of Elyvilon.
  3519 | D:3      | Reached XP level 6. HP: 33/34 MP: 8/14
  3816 | D:3      | Noticed a kobold demonologist
  3818 | D:3      | Found a transporter.
  3838 | D:3      | Reached skill level 7 in Conjurations
  4025 | D:3      | Found a transporter.
  4229 | D:3      | Found a blossoming altar of Fedhas.
  4240 | D:3      | Noticed an oklob plant
  4779 | D:4      | Reached skill level 1 in Shields
  4950 | D:4      | Reached XP level 7. HP: 38/38 MP: 12/15
  5525 | D:5      | Entered Level 5 of the Dungeon
  5709 | D:5      | Found a staircase to the Ecumenical Temple.
  5728 | Temple   | Entered the Ecumenical Temple
  5889 | Temple   | Became a worshipper of Vehumet
  5934 | D:5      | Reached skill level 5 in Spellcasting
  7276 | D:6      | Reached XP level 8. HP: 44/44 MP: 12/17
  7373 | D:6      | Reached skill level 8 in Conjurations
  7563 | D:6      | Noticed a troll
  7571 | D:6      | Killed a troll
  7572 | D:6      | Reached skill level 5 in Translocations
  7804 | D:6      | Reached skill level 9 in Conjurations
  7804 | D:6      | Reached * piety under Vehumet
  7804 | D:6      | Offered knowledge of Sandblast by Vehumet.
  8490 | D:7      | Found Wovia's Distillery.
  8541 | D:7      | Noticed Duvessa
  8541 | D:7      | Noticed Dowan
  8545 | D:7      | Killed Duvessa
  8546 | D:7      | Reached skill level 10 in Conjurations
  8548 | D:7      | Killed Dowan
  8556 | D:7      | Reached XP level 9. HP: 29/48 MP: 2/18
  8950 | D:7      | Found Lisimaech's Jewellery Boutique.
  8973 | D:7      | Found Ucoseajo's Distillery.
  8980 | D:7      | Bought a potion of degeneration for 10 gold pieces
  9182 | D:7      | Reached skill level 1 in Evocations
  9342 | D:7      | Reached skill level 1 in Staves
  9342 | D:7      | Reached skill level 1 in Ice Magic
  9805 | D:8      | Noticed a kobold demonologist
  9805 | D:8      | Noticed JuniperTheExplorer's ghost (novice FoFi)
  9806 | D:8      | Found a runed translucent gate.
  9806 | D:8      | Found a runed translucent gate.
  9808 | D:8      | Found a runed translucent gate.
  9919 | D:8      | Noticed Pikel
  9968 | D:8      | Killed Pikel
 10444 | D:8      | Noticed Maurice
 10455 | D:8      | Killed Maurice
 10487 | D:8      | Noticed Grum
 10495 | D:8      | Killed Grum
 10502 | D:8      | Reached XP level 10. HP: 47/56 MP: 11/21
 10585 | D:8      | Noticed Gastronok
 10602 | D:8      | Killed Gastronok
 10603 | D:8      | Reached skill level 11 in Conjurations
 10746 | D:8      | Found Zuemocwo's Weapon Boutique.
 11263 | D:9      | Offered knowledge of Shock by Vehumet.
 11380 | D:9      | Found a hide-covered altar of Uskayaw.
 11418 | D:9      | Reached ** piety under Vehumet
 12109 | D:9      | Offered knowledge of Inner Flame by Vehumet.
 12290 | D:9      | Reached skill level 12 in Conjurations
 12290 | D:9      | Reached XP level 11. HP: 60/60 MP: 25/25
 12543 | D:9      | Found a roughly hewn altar of Beogh.
 12543 | D:9      | Found a staircase to the Orcish Mines.
 12711 | D:9      | Noticed a seven-headed hydra
 12718 | D:9      | Killed a seven-headed hydra
 12791 | D:9      | Killed an unseen horror
 13572 | D:8      | Reached *** piety under Vehumet
 13584 | D:8      | Killed JuniperTheExplorer's ghost
 13757 | D:10     | Entered Level 10 of the Dungeon
 13865 | D:10     | Noticed Harold
 13877 | D:10     | Killed Harold
 13877 | D:10     | Offered knowledge of Frozen Ramparts by Vehumet.
 13884 | D:10     | Learned a level 3 spell: Frozen Ramparts
 14488 | D:10     | Reached skill level 5 in Dodging
 14488 | D:10     | Reached skill level 5 in Stealth
 14605 | D:10     | Killed an unseen horror
 14606 | D:10     | Reached skill level 10 in Spellcasting
 14843 | D:11     | Found a runed translucent door.
 14852 | D:11     | Noticed bigdumb's ghost (journeyman DgTm)
 14893 | D:11     | Noticed a green ugly thing
 14904 | D:11     | Killed a green ugly thing
 14951 | D:11     | Found a staircase to the Lair.
 15158 | D:11     | You fall into a shaft and drop 1 floor!
 15255 | D:11     | Noticed Sonja
 15276 | D:11     | Found a flagged portal.
 15299 | Bailey   | Entered a bailey
 15529 | Bailey   | Reached **** piety under Vehumet
 15535 | Bailey   | Noticed an orc warlord
 15577 | Bailey   | Offered knowledge of Stone Arrow by Vehumet.
 15786 | Bailey   | Found a runed translucent gate.
 15786 | Bailey   | Found a runed translucent gate.
 15786 | Bailey   | Found a runed translucent gate.
 16101 | Bailey   | Killed an orc warlord
 16102 | Bailey   | Reached XP level 12. HP: 66/66 MP: 28/28
 16593 | D:12     | Reached skill level 1 in Throwing
 16599 | D:12     | Reached skill level 13 in Conjurations
 17319 | D:13     | Found a glowing silver altar of Zin.
 17319 | D:13     | Noticed Urug
 17556 | D:12     | Reached XP level 13. HP: 72/72 MP: 30/30
 17579 | D:13     | Killed Urug
 17715 | D:13     | Reached skill level 5 in Shields
 17871 | D:13     | Reached skill level 5 in Fighting
 17871 | D:13     | Reached skill level 5 in Staves
 17871 | D:13     | Reached skill level 10 in Translocations
 17914 | D:13     | Noticed promet's ghost (journeyman VSFi)
 17922 | D:13     | Found a transporter.
 17953 | D:13     | Found a transporter.
 18869 | D:13     | Reached XP level 14. HP: 78/78 MP: 31/31
 19420 | D:14     | Identified a scroll of acquirement
 19420 | D:14     | Acquired the +1 pair of gloves of Akkaar {rC+ Will+ Slay+2
                  | Stlth-}
 19619 | D:14     | Reached skill level 10 in Ice Magic
 19677 | D:14     | Reached ***** piety under Vehumet
 19684 | D:14     | HP: 1/117 [necromancer/bolt of fire (20)]
 19688 | D:14     | Offered knowledge of Ozocubu's Refrigeration by Vehumet.
 19982 | D:14     | Found a gate to the Vaults.
 20656 | D:15     | Entered Level 15 of the Dungeon
 20694 | D:15     | Noticed Jorgrun
 20977 | D:15     | Killed from afar by Jorgrun

Illustrated notes

Levels and vault maps discovered:
D:1:      dpeg_arrival_ratfight, layout_basic, fountainhead,
          grunt_decor_arrowhead
D:2:      layout_loops_corners, nicolae_dithmenos_shadow_blocks
D:3:      gammafunk_wand_slinger, layout_loops_ring, lightli_sewer_entry_pipes,
          solitary_fountain, tgw_fedhas
D:4:      layout_rooms
D:5:      layout_layer_cave, temple_statues
D:6:      kennysheep_big_flooded_room, layout_loops_corners
D:7:      layout_loops_corners, serial_shops, nicolae_shop_trees, shop,
          nicolae_shop_temple_entry_statues_fountains, uniq_duvessa
D:8:      layout_loops_ring, serial_shops, shop, gammafunk_ghost_nasty_kobolds,
          uniq_pikel, uniq_maurice, uniq_grum, uniq_gastronok
D:9:      layout_layer_cave, eat_drink_and_be_merry_uskayaw, david_orc_5,
          minmay_three_doors
D:10:     cheibrodos_helix_gallery, layout_loops_ring, uniq_harold
D:11:     layout_big_octagon, lair_entry_dummy, ebering_ghost_reflecting_pool,
          enter_bailey_7, uniq_sonja
D:12:     layout_long_grid
D:13:     layout_small_grid, basic_altar, gammafunk_ghost_stat_death, uniq_urug
D:14:     layout_long_grid, grunt_vaults_entry_tiered, dk_noncrumbling_2
D:15:     hangedman_depths_entry_try_elsewhere_first, layout_irregular_city,
          nrook_mini_backslash, uniq_jorgrun, uniq_kirke, uniq_louise
Temple:   kilobyte_greek_temple

Skill      XL: |  1  2  3  4  5  6  7  8  9 10 11 12 13 14 |
---------------+-------------------------------------------+-----
Translocations | 1 2 3 4 6 8 9 10 | 10.0
Fighting       | 1 2 3 4 5 |  5.7
Spellcasting   | 4 5 6 8 10 11 | 11.7
Conjurations   | 5 6 7 10 12 13 | 13.3
Shields        | 1 2 3 4 5 |  5.0
Evocations     | 3 6 7 |  7.0
Staves         | 2 3 4 6 |  6.8
Stealth        | 3 4 5 6 |  6.0
Ice Magic      | 3 6 9 10 | 10.0
Dodging        | 3 5 8 9 |  9.0
Throwing       | 1 2 |  2.0

Action                   |  1- 3 |  4- 6 |  7- 9 | 10-12 | 13-15 || total
-------------------------+-------+-------+-------+-------+-------++-------
Melee: Unarmed           |     8 |    21 |     1 |       |       ||    30
       Staff             |       |       |       |   111 |    44 ||   155
Throw: Dart              |       |       |       |     7 |     4 ||    11
       Boomerang         |       |       |       |     1 |       ||     1
 Cast: Magic Dart        |    30 |    14 |    14 |    32 |     1 ||    91
       Searing Ray       |    30 |    53 |    62 |    71 |    34 ||   250
       Iskenderun's Myst |       |       |    28 |   114 |    87 ||   229
       Frozen Ramparts   |       |       |       |       |     3 ||     3
  Use: Scroll            |     4 |     5 |     7 |    12 |     9 ||    37
       Potion            |       |     1 |       |     5 |     8 ||    14
 Stab: Sleeping          |       |       |       |     2 |     3 ||     5
Armor: Robe              |     7 |     5 |       |    54 |    26 ||    92
       Leather armour    |       |       |     7 |       |       ||     7
       Skin              |       |       |       |       |     2 ||     2
Dodge: Dodged            |    19 |    25 |    39 |   135 |    82 ||   300
Block: Buckler           |       |     3 |    12 |    51 |    17 ||    83
